 Dungeon Crawl Stone Soup version 0.24.0-2-g5b39cebb1c (webtiles) character file.

Game seed: 8494034936098290829, levelgen mode: deterministic

429 Lanoc the Insei (level 6, 0/51 HPs)
             Began as a Draconian Transmuter on Oct 30, 2019.
             Slain by a centaur (8 damage)
             ... on level 5 of the Dungeon.
             The game lasted 00:06:21 (3953 turns).

Lanoc the Insei (Draconian Transmuter)              Turns: 3953, Time: 00:06:22

Health: 0/51       AC:  6    Str: 12    XL:     6   Next: 66%
Magic:  8/9        EV: 13    Int: 15    God:
Gold:   298        SH:  0    Dex: 12    Spells: 3/9 levels left

rFire    . . .     SeeInvis .     - Unarmed
rCold    . . .     Gourm    .   (no shield)
rNeg     . . .     Faith    .   (armour unavailable)
rPois    .         Spirit   .   (helmet restricted)
rElec    .         Reflect  .   (no cloak)
rCorr    +         Harm     .   (no gloves)
MR       .....                  (no boots)
Stlth    ++........             (no amulet)
HPRegen  0.17/turn              g - ring of stealth
MPRegen  0.11/turn              r - ring of resist corrosion

@: appendage
A: unfitting armour, horns 2, cold-blooded, AC +6
a: End Transformation


You were on level 5 of the Dungeon.
You were not hungry.
You had grown temporary horns.
You visited 2 branches of the dungeon, and saw 6 of its levels.

You collected 298 gold pieces.

Inventory:

Missiles
 a - 86 arrows
 f - 7 datura-tipped darts (quivered)
Armour
 q - a scarf of cloud immunity
Jewellery
 g - a ring of stealth (left hand)
 r - a ring of resist corrosion (right hand)
Wands
 v - a wand of enslavement (3)
Scrolls
 d - a scroll of teleportation {unknown}
 e - 4 scrolls of remove curse {unknown}
 h - 3 scrolls of enchant weapon {unknown}
 k - 5 scrolls of identify {unknown}
 m - 2 scrolls of random uselessness {unknown}
 n - 2 scrolls of immolation {unknown}
 p - a scroll of enchant armour {unknown}
 y - a scroll of fear {unknown}
Potions
 b - a potion of heal wounds {unknown}
 i - 2 potions of agility {unknown}
 j - 3 potions of haste {unknown}
 l - 2 potions of mutation {unknown}
 o - 2 potions of curing {unknown}
 s - 2 potions of brilliance {unknown}
 t - a potion of might {unknown}
 u - 2 potions of magic {unknown}
 w - a potion of flight {unknown}
Comestibles
 c - 5 rations
 x - 7 chunks of flesh


   Skills:
 + Level 3.0 Fighting
 + Level 3.1 Dodging
 * Level 4.9 Unarmed Combat
 - Level 2.0 Spellcasting
 * Level 4.4 Transmutations


You had 3 spell levels left.
You knew the following spells:

 Your Spells              Type           Power        Failure   Level  Hunger
a - Beastly Appendage     Tmut           ##....       3%          1    #......
b - Sticks to Snakes      Tmut           ##......     5%          2    ###....
c - Spider Form           Tmut/Pois      #.........   26%         3    ###....

Your spell library contained the following spells:

 Spells                   Type           Power        Failure   Level  Hunger
 Corona                   Hex            #......      22%         1    #......
 Ensorcelled Hibernation  Hex/Ice        #.....       32%         2    ###....
 Confuse                  Hex            #.......     54%         3    ###....
 Dazzling Spray           Conj/Hex       #.....       54%         3    ###....
 Tukima's Dance           Hex            #.......     54%         3    ###....
 Ice Form                 Ice/Tmut       #.......     65%         4    #####..
 Blade Hands              Tmut           ##........   69%         5    ######.


Dungeon Overview and Level Annotations

Branches:
Dungeon (5/15)             Temple (1/1) D:4

Altars:
Ashenzari
Cheibriados
Dithmenos
Elyvilon
Fedhas
Gozag
Hepliaklqana
Kikubaaqudgha
Makhleb
Nemelex Xobeh
Okawaru
Ru
Sif Muna
Trog
Uskayaw
Vehumet
Wu Jian
Yredelemnul
Zin
The Shining One


Innate Abilities, Weirdness & Mutations

Your plain brown scales are hard. (AC +6)
You cannot fit into any form of body armour.
You are cold-blooded and may be slowed by cold attacks.
You have a pair of horns on your head.


Message History

The centaur unwields a +0 shortbow.
The centaur barely misses you.
Casting: Beastly Appendage (safe; 3% risk of failure)
Confirm with . or Enter, or press ? or * to list all spells.
You grow a pair of large bovine horns.
The centaur hits you!
* * * LOW HITPOINT WARNING * * *
The centaur hits you.
* * * LOW HITPOINT WARNING * * *
You hit the centaur.
The centaur is lightly wounded.
The centaur hits you.
* * * LOW HITPOINT WARNING * * *
You barely miss the centaur.
The centaur is lightly wounded.
The centaur hits you.
* * * LOW HITPOINT WARNING * * *
You punch the centaur!
You headbutt the centaur, but do no damage.
The centaur is moderately wounded.
The centaur hits you!
You die...

.#.###########
......c@.(..(#
..######..(#.#.#
#..._...#.#
###.......(....#
###.........$.####
........_..⌠.._.....
..................#S#
......#........#....#
....##....._...#....#


You could see a centaur.

Vanquished Creatures
  An eye of draining (D:5)
  A scorpion (D:5)
  An orc priest (D:4)
  A hound (D:4)
  An orc wizard (D:4)
  A gnoll (D:5)
  4 adders
  An ooze (D:1)
  2 worms
  7 orcs (D:4)
  6 bats
  3 giant cockroaches (D:1)
  9 hobgoblins
  4 jackals (D:3)
  9 kobolds
  A quokka (D:4)
  2 frilled lizards
  8 goblins
  10 rats
72 creatures vanquished.

Vanquished Creatures (collateral kills)
  2 bullfrogs (D:4)
  An orc (D:4)
3 creatures vanquished.

Grand Total: 75 creatures vanquished

Notes
Turn   | Place    | Note
-------+----------+-------------------------------------------
     0 | D:1      | Lanoc the Draconian Transmuter began the quest for the Orb.
     0 | D:1      | Reached XP level 1. HP: 16/16 MP: 3/3
    56 | D:1      | Reached XP level 2. HP: 9/23 MP: 3/5
    64 | D:1      | Learned a level 2 spell: Sticks to Snakes
   588 | D:2      | Found an opulent altar of Gozag.
   623 | D:2      | Reached XP level 3. HP: 28/28 MP: 6/6
   657 | D:2      | Found a basalt altar of Yredelemnul.
   780 | D:2      | Found a blossoming altar of Fedhas.
  1249 | D:2      | Found a white marble altar of Elyvilon.
  1449 | D:3      | Reached XP level 4. HP: 33/36 MP: 5/7
  1941 | D:4      | Found a radiant altar of Vehumet.
  2010 | D:4      | Found a staircase to the Ecumenical Temple.
  2034 | Temple   | Entered the Ecumenical Temple
  2316 | D:4      | Reached XP level 5. HP: 23/41 MP: 5/8
  2490 | D:4      | Learned a level 3 spell: Spider Form
  2989 | D:4      | Found a bloodstained altar of Trog.
  3243 | D:4      | Reached XP level 6. HP: 7/50 MP: 6/9
  3665 | D:5      | Entered Level 5 of the Dungeon
  3797 | D:5      | Found an iron altar of Okawaru.
  3922 | D:5      | Found a hazy altar of Hepliaklqana.
  3925 | D:5      | Found a sparkling altar of Nemelex Xobeh.
  3925 | D:5      | Found a sacrificial altar of Ru.
  3928 | D:5      | Found a snail-covered altar of Cheibriados.
  3953 | D:5      | Slain by a centaur

Levels and vault maps discovered:
D:1:      elethiomel_arrival_quiet, layout_loops_ring,
          chequers_serial_rivers_micro_b
D:2:      layout_loops_ring, kennysheep_ying_yang, lemuel_doored_altar,
          nicolae_gozag_cash_rules_everything_around_me, minmay_quadrilaterals
D:3:      layout_rooms, st_stairs_5
D:4:      layout_gridville, nicolae_overflow_hidden_temple,
          kennysheep_mini_moat, minmay_temple_entry_mini_moons, first_ration
D:5:      kennysheep_big_flooded_room, layout_basic, kennysheep_mini,
          grunt_temple_overflow_open, okawaru_altar_gauntlet_db
Temple:   dpeg_three_leaves_temple

Skill      XL: |  1  2  3  4  5  6 |
---------------+-------------------+-----
Dodging        | 2 3 |  3.1
Transmutations | 3 4 |  4.4
Fighting       | 2 3 |  3.0
Unarmed Combat | 4 |  4.9
Spellcasting   | |  2.0

Action                   |  1- 3 |  4- 6 || total
-------------------------+-------+-------++-------
Melee: Unarmed           |   121 |   132 ||   253
       Tailslap          |    12 |    10 ||    22
       Kick              |     7 |     7 ||    14
       Headbutt          |     6 |    15 ||    21
       Punch             |       |     1 ||     1
 Cast: Beastly Appendage |    10 |    15 ||    25
       Sticks to Snakes  |       |     4 ||     4
 Stab: Sleeping          |     9 |     2 ||    11
  Eat: Chunk             |     2 |     8 ||    10
Armor: Skin              |    46 |    32 ||    78
Dodge: Dodged            |    79 |    93 ||   172
